[Event "Team 45 45 League T66"]
[Site "Internet Chess Club"]
[Date "2015.10.11"]
[Round "6"]
[White "Visin"]
[Black "nosir"]
[Result "1-0"]
[WhiteElo "1256"]
[BlackElo "1449"]
[Opening "Ruy Lopez: Berlin defense, hedgehog variation"]
[ECO "C48"]
[Time "10:00:25"]
[TimeControl "2700+45"]

1. e4 e5 2. Nf3 Nc6 3. Bb5 Nf6 4. Nc3 d6 5. d4 Bd7 6. O-O Be7 7. dxe5 Nxe5 8.
Nxe5 Bxb5 9. Nxb5 dxe5 10. Qf3 c6 11. Nc3 O-O 12. a3 Qc7 13. b4 a6 14. Bb2 Rfd8
15. Rad1 Rxd1 16. Rxd1 Rd8 17. Qe2 b5 18. f3 Nh5 19. g3 Qb6+ 20. Qf2 Qb8 21. Qe2
g6 22. Rd3 Qc8 23. Qd2 Rxd3 24. cxd3 Qd8 25. Ne2 Qd6 26. d4 Nf6 27. Kf1 Nd7 28.
f4 f6 29. Ke1 exd4 30. Qxd4 c5 31. Qxd6 Bxd6 32. Bc3 c4 33. Ng1 Kf7 34. Nf3 h6
35. Ke2 Ke6 36. Ke3 Bc7 37. g4 f5 38. exf5+ gxf5 39. Nd4+ Kf7 40. Nxf5 Kg6 41.
h3 Bd8 42. Ng3 Bc7 43. Ne4 Bb6+ 44. Bd4 Bd8 45. Nc5 Nxc5 46. bxc5 Kf7 47. Bc3
Be7 48. Bb4 Ke6 49. Ke4 a5 50. Bxa5 Bxc5 51. Bb4 Be7 52. Bxe7 Kxe7 53. h4 Ke6
54. Kd4 Kd6 55. f5 Ke7 56. a4 bxa4 57. Kxc4 Kf6 58. Kb4 h5 59. g5+ Kxf5 60. Kxa4
Kg6 61. Kb5 Kf5 62. Kc6 Ke6 63. Kc5 Ke5 64. Kc4 Ke6 65. Kd4 Kf5 66. Kd5 Kg6 67.
Ke6 Kg7 68. Kf5 Kf7 69. g6+ Kg7 70. Kg5 Kh8 71. Kxh5 Kg7 72. Kg5 Kh8 73. Kf6 Kg8
74. h5 Kh8 75. h6 Kg8 76. g7 Kh7 77. Kf7 {Black resigns} 1-0

[Event "Team 45 45 League T66"]
[Site "Internet Chess Club"]
[Date "2015.10.12"]
[Round "6"]
[White "tamky70"]
[Black "SeniorCitizen"]
[Result "1-0"]
[WhiteElo "1334"]
[BlackElo "1352"]
[Opening "Queen's pawn game"]
[ECO "D05"]
[Time "14:00:27"]
[TimeControl "2700+45"]

1. Nf3 e6 2. d4 d5 3. e3 Nf6 4. Bd3 Be7 5. O-O O-O 6. Nbd2 Nbd7 7. c4 dxc4 8.
Nxc4 c6 9. a3 b5 10. Nce5 Bb7 11. Nd2 c5 12. Nxd7 Qxd7 13. Be2 cxd4 14. exd4
Qxd4 15. Nf3 Qxd1 16. Rxd1 a6 17. Bg5 Rfd8 18. Rac1 Rxd1+ 19. Bxd1 Rc8 20. Rxc8+
Bxc8 21. Nd4 Bb7 22. Bf3 Bxf3 23. Nxf3 h6 24. Bc1 Bc5 25. b4 Bb6 26. Be3 Bxe3
27. fxe3 Nd5 28. Kf2 Nc7 29. Ke2 f6 30. e4 e5 31. Ke3 g6 32. Nh4 Kf7 33. g3 h5
34. Nf3 Ne6 35. h4 g5 36. hxg5 Nxg5 37. Nh4 Ne6 38. Nf5 Kg6 39. Nh4+ Kg5 40. Nf5
Kg4 41. Kf2 Nd4 42. Nh6+ Kg5 43. Nf7+ Kg6 44. Nd6 Nc2 45. Ne8 Nxa3 46. Nc7 Nc4
47. Nxa6 Nd6 48. Ke3 f5 49. exf5+ Kxf5 50. Nc5 Kg4 51. Kf2 Kf5 52. Ke3 Kg4 53.
Kf2 h4 54. gxh4 Kxh4 55. Ke3 Kg5 56. Ne6+ Kg4 57. Nc5 Kg3 58. Ne4+ Nxe4 59. Kxe4
Kf2 60. Kxe5 Ke2 61. Kd5 Kd3 62. Kc5 Kc3 {Black resigns} 1-0

[Event "Team 45 45 League T66"]
[Site "Internet Chess Club"]
[Date "2015.10.09"]
[Round "6"]
[White "JefferyChess"]
[Black "NAS"]
[Result "1-0"]
[WhiteElo "1784"]
[BlackElo "1782"]
[Opening "Sicilian: Najdorf, Opocensky variation"]
[ECO "B92"]
[Time "22:01:06"]
[TimeControl "2700+45"]

1. e4 c5 2. Nf3 d6 3. d4 cxd4 4. Nxd4 Nf6 5. Nc3 a6 6. Be2 e5 7. Nb3 Be6 8. O-O
Be7 9. Be3 O-O 10. f3 Nbd7 11. Nd5 Nxd5 12. exd5 Bf5 13. Bd3 Bxd3 14. Qxd3 Rc8
15. Rac1 Bg5 16. c4 Bxe3+ 17. Qxe3 Qe7 18. Na5 Rc7 19. b4 Rfc8 20. a4 Nf6 21.
Rfe1 Nd7 22. Rf1 Nf6 23. Rfe1 Qd7 24. b5 axb5 25. axb5 Qf5 26. b6 Re7 27. Ra1 h6
28. Reb1 Ra8 29. Nc6 {Black resigns} 1-0

[Event "Team 45 45 League T66"]
[Site "Internet Chess Club"]
[Date "2015.10.10"]
[Round "6"]
[White "unclevinny"]
[Black "elessar"]
[Result "0-1"]
[WhiteElo "1583"]
[BlackElo "1664"]
[Opening "Sicilian: Kan, 5.Nc3"]
[ECO "B43"]
[Time "13:00:32"]
[TimeControl "2700+45"]

1. e4 c5 2. Nf3 e6 3. d4 cxd4 4. Nxd4 a6 5. Nc3 Qc7 6. Be2 b5 7. Bf3 Bb7 8. O-O
Nc6 9. Nce2 Ne5 10. c3 Nf6 11. Ng3 h6 12. Re1 Ng6 13. Nh5 Nxh5 14. Bxh5 Bd6 15.
g3 O-O-O 16. Qg4 Ne5 17. Qxg7 Rdg8 18. Qf6 Ng6 19. Qxf7 Ne5 20. Qf6 Rf8 21. Qh4
Rh7 22. f4 Be7 23. Qh3 Nd3 24. Re2 e5 25. fxe5 Qxe5 26. Bg6 Nxc1 27. Rxc1 Rhh8
28. Bf5 Qd6 29. Rf1 Bd8 30. Kg2 Bb6 31. Rd2 Qe5 32. Bxd7+ Kb8 33. Rxf8+ Rxf8 34.
Bc6 Qf6 35. Qf5 Bxd4 36. Bxb7 Qe7 37. Qd5 Qf6 38. Kh3 Qf1+ 39. Kh4 Qf6+ 40. Kh5
Qf3+ 41. g4 Qh3+ 42. Kg6 Qxg4+ 43. Kxh6 Rh8# {White checkmated} 0-1

[Event "Team 45 45 League T66"]
[Site "Internet Chess Club"]
[Date "2015.10.08"]
[Round "6"]
[White "Hal2001"]
[Black "burnsy"]
[Result "1/2-1/2"]
[WhiteElo "1640"]
[BlackElo "1631"]
[Opening "Sicilian: closed"]
[ECO "B23"]
[Time "21:00:36"]
[TimeControl "2700+45"]

1. e4 c5 2. Nc3 d6 3. f4 e6 4. Bb5+ Nc6 5. Bxc6+ bxc6 6. Nf3 Be7 7. O-O h5 8. d3
d5 9. e5 Nh6 10. Qe1 Nf5 11. Ng5 Rh6 12. Bd2 Qb6 13. Na4 Qb5 14. b3 c4 15. Nc3
Qb6+ 16. Kh1 cxd3 17. cxd3 Ba6 18. Rf3 Nd4 19. Na4 Nxf3 20. Nxb6 Nxe1 21. Nxa8
Bd8 22. Rxe1 Bb7 23. Nf3 Rh8 {Game drawn by mutual agreement} 1/2-1/2

[Event "Team 45 45 League T66"]
[Site "Internet Chess Club"]
[Date "2015.10.10"]
[Round "6"]
[White "scostanzo212"]
[Black "fuzzface"]
[Result "1-0"]
[WhiteElo "1481"]
[BlackElo "1371"]
[Opening "QGD: Ragozin variation"]
[ECO "D38"]
[Time "10:01:40"]
[TimeControl "2700+45"]

1. d4 d5 2. c4 Nf6 3. Nc3 e6 4. Nf3 Bb4 5. e3 Bd7 6. Bd3 O-O 7. O-O Nc6 8. a3
Bxc3 9. bxc3 Re8 10. cxd5 exd5 11. c4 Bg4 12. cxd5 Qxd5 13. Be2 Ne4 14. Bb2 Re6
15. Nd2 Bxe2 16. Qxe2 Nxd2 17. Qxd2 Rg6 18. f3 Re8 19. e4 Qg5 20. Qxg5 Rxg5 21.
Rac1 Rc8 22. Rc2 Na5 23. Rfc1 c6 24. Rc3 Rb5 25. R1c2 Rb3 26. Rxb3 Nxb3 27. d5
Na5 28. d6 Kf8 29. f4 Ke8 30. Bxg7 b5 31. Bd4 a6 32. e5 Nc4 33. a4 c5 34. Bf2 b4
35. Rxc4 b3 36. Rc1 c4 37. Bd4 b2 38. Bxb2 {Black resigns} 1-0

[Event "Team 45 45 League T66"]
[Site "Internet Chess Club"]
[Date "2015.10.11"]
[Round "6"]
[White "alexkolay"]
[Black "andrewliang"]
[Result "1-0"]
[WhiteElo "1923"]
[BlackElo "1632"]
[Opening "Grünfeld: exchange variation"]
[ECO "D85"]
[Time "16:32:24"]
[TimeControl "2700+45"]

1. d4 Nf6 2. c4 g6 3. Nc3 d5 4. cxd5 Nxd5 5. Bd2 Bg7 6. e4 Nxc3 7. Bxc3 O-O 8.
Bc4 c6 9. Ne2 Nd7 10. O-O Nb6 11. Bb3 Qc7 12. f4 Kh8 13. Qc2 e6 14. Rfd1 Bd7 15.
Bb4 Rg8 16. Qd2 a5 17. Bxa5 c5 18. Bc3 Rgd8 19. Qe3 c4 20. Bc2 Re8 21. Qg3 f5
22. a3 Bc6 23. d5 exd5 24. e5 Re6 25. Nd4 Re7 26. Bxf5 gxf5 27. Nxf5 Ree8 28.
Nxg7 Rg8 29. Ne6 Qe7 30. Ng5 {Black resigns} 1-0

[Event "Team 45 45 League T66"]
[Site "Internet Chess Club"]
[Date "2015.10.11"]
[Round "6"]
[White "qingjoshua"]
[Black "Littlemon"]
[Result "1-0"]
[WhiteElo "1719"]
[BlackElo "1543"]
[Opening "Ruy Lopez: classical defense, Charousek variation"]
[ECO "C64"]
[Time "16:00:19"]
[TimeControl "2700+45"]

1. e4 e5 2. Nf3 Nc6 3. Bb5 Bc5 4. c3 Bb6 5. O-O Nf6 6. d4 exd4 7. e5 Nd5 8. Bg5
Nde7 9. cxd4 d5 10. exd6 Qxd6 11. Bxe7 Kxe7 12. d5 Nb4 13. Re1+ Kd8 14. a3 Nxd5
15. Ng5 Be6 16. Rxe6 Bxf2+ 17. Kh1 fxe6 18. Nf7+ Ke7 19. Nxd6 cxd6 20. Nd2 Bd4
21. Nc4 Bf6 22. Qf3 Rab8 23. Re1 Nc7 24. Nxd6 Kxd6 25. Qf4+ e5 26. Qb4+ Ke6 27.
Qg4+ Kd6 28. Qd7+ Kc5 29. Rc1+ Kb6 30. Qxc7+ Kxb5 31. Rc5+ Ka4 32. Qa5+ Kb3 33.
Rc3+ Ka2 34. Qd5+ Kb1 35. Qd1+ Ka2 36. a4 Be7 37. b4 Rbc8 38. Qc2+ Ka1 39. Ra3#
{Black checkmated} 1-0

[Event "Team 45 45 League T66"]
[Site "Internet Chess Club"]
[Date "2015.10.07"]
[Round "6"]
[White "giantwood"]
[Black "XGG123"]
[Result "1-0"]
[WhiteElo "1458"]
[BlackElo "1318"]
[Opening "Sicilian: dragon variation"]
[ECO "B70"]
[Time "20:01:37"]
[TimeControl "2700+45"]

1. e4 c5 2. Nf3 d6 3. d4 cxd4 4. Nxd4 Nf6 5. Nc3 g6 6. Bg5 Bg7 7. Qd2 O-O 8.
O-O-O Nc6 9. Nb3 Bd7 10. f3 Rc8 11. Kb1 Ne5 12. Be2 Nc4 13. Bxc4 Rxc4 14. g4 Qc7
15. Bxf6 Bxf6 16. Nd5 Qc8 17. Nxf6+ exf6 18. Qxd6 Be6 19. Qd2 Kg7 20. h4 b6 21.
Nd4 Rd8 22. Nxe6+ fxe6 23. Qxd8 Rxc2 24. Qxc8 Rxc8 25. Rd7+ {Black resigns} 1-0

[Event "Team 45 45 League T66"]
[Site "Internet Chess Club"]
[Date "2015.10.10"]
[Round "6"]
[White "searchforbobby1"]
[Black "Percival"]
[Result "1-0"]
[WhiteElo "2141"]
[BlackElo "2080"]
[Opening "French: Rubinstein variation"]
[ECO "C10"]
[Time "21:22:22"]
[TimeControl "2700+45"]

1. e4 e6 2. d4 d5 3. Nc3 dxe4 4. Nxe4 Nd7 5. Nf3 Ngf6 6. Nxf6+ Nxf6 7. Bg5 Be7
8. Bd3 O-O 9. Qe2 c5 10. dxc5 Qa5+ 11. c3 Qxc5 12. O-O-O Rd8 13. Bxf6 Bxf6 14.
Bxh7+ Kxh7 15. Rxd8 Bxd8 16. Qd3+ Qf5 17. Qxd8 b6 18. Qe7 Ba6 19. Re1 Kg8 20.
Qg5 Qd3 21. Rd1 Qe2 22. Qd2 Qc4 23. Ng5 Rf8 24. b3 Qc7 25. Kb2 Qxh2 26. g3 Bc8
27. Qf4 e5 28. Qe3 Qh5 29. Rd2 Re8 30. Qxe5 Be6 31. Qe3 Qg4 32. Rd4 Qf5 33. Re4
Qd5 34. g4 Qc6 35. Qh3 Qd5 36. Qh7+ Kf8 37. Qh8+ Ke7 38. Qxg7 Qd2+ 39. Ka3 Qc1+
40. Kb4 a5+ 41. Kb5 Qf1+ 42. c4 Kd8 43. Nxe6+ Rxe6 44. Qf8+ {Black resigns} 1-0

[Event "Team 45 45 League T66"]
[Site "Internet Chess Club"]
[Date "2015.10.11"]
[Round "6"]
[White "TerryMalloy"]
[Black "Monterrey"]
[Result "0-1"]
[WhiteElo "1973"]
[BlackElo "1951"]
[Opening "French: Tarrasch, closed variation, main line"]
[ECO "C06"]
[Time "18:01:59"]
[TimeControl "2700+45"]

1. e4 e6 2. d4 d5 3. Nd2 Nf6 4. e5 Nfd7 5. Bd3 c5 6. c3 Nc6 7. Ne2 cxd4 8. cxd4
f6 9. Nf4 Nxd4 10. Qh5+ Ke7 11. exf6+ Nxf6 12. Ng6+ hxg6 13. Qxh8 Kf7 14. Qh4 e5
15. Nf3 Bb4+ 16. Kf1 e4 17. Nxd4 exd3 18. Bg5 Bd7 19. g3 Qb6 20. Bxf6 Qxf6 21.
Qxf6+ gxf6 22. Kg2 Re8 23. Rad1 Re2 24. Rxd3 Rxb2 25. Rb3 Rxb3 26. axb3 Ke7 27.
h4 Bc3 28. Rd1 Kd6 29. Rd3 Bb4 30. f3 a5 31. g4 Be8 32. h5 gxh5 33. Nf5+ Kc5 34.
Ne3 d4 35. Nf5 Bc3 36. Kg3 Bg6 37. Kf4 hxg4 38. fxg4 Kb4 39. Rh3 Bxf5 40. Kxf5
Kxb3 41. Kxf6 d3+ 42. Kf7 d2 43. Rh1 Kc2 {White resigns} 0-1

[Event "Team 45 45 League T66"]
[Site "Internet Chess Club"]
[Date "2015.10.10"]
[Round "6"]
[White "fishhead"]
[Black "charles-allen"]
[Result "0-1"]
[WhiteElo "1837"]
[BlackElo "1849"]
[Opening "Petrov: classical attack, Jaenisch variation"]
[ECO "C42"]
[Time "14:00:20"]
[TimeControl "2700+45"]

1. e4 e5 2. Nf3 Nf6 3. Nxe5 d6 4. Nf3 Nxe4 5. d4 d5 6. Bd3 Nc6 7. O-O Be7 8. c4
Nb4 9. Be2 O-O 10. Nc3 Bf5 11. cxd5 Nxd5 12. Qb3 Ndxc3 13. bxc3 c5 14. d5 b6 15.
Bb2 Qd6 16. c4 Rfe8 17. Ne5 Nd2 18. Qc3 Nxf1 19. Nxf7 Qxh2+ {White resigns} 0-1

[Event "Team 45 45 League T66"]
[Site "Internet Chess Club"]
[Date "2015.10.10"]
[Round "6"]
[White "Stiltzkin"]
[Black "room-matt"]
[Result "1-0"]
[WhiteElo "1851"]
[BlackElo "1841"]
[Opening "Budapest defense"]
[ECO "A52"]
[Time "03:18:23"]
[TimeControl "2700+45"]

1. d4 Nf6 2. c4 e5 3. dxe5 Ng4 4. e3 Nxe5 5. Nh3 g6 6. Nc3 d6 7. Nf4 Bg7 8. Be2
O-O 9. O-O Nbd7 10. Qc2 a5 11. b3 Nc5 12. Bb2 Qg5 13. Rad1 Bf5 14. Qc1 Rfe8 15.
Nb5 Rac8 16. f3 Bd7 17. e4 f5 18. Na7 Rcd8 19. Nb5 Bxb5 20. cxb5 fxe4 21. fxe4
Qh4 22. Bd4 b6 23. g3 Qg5 24. Be3 Nxe4 25. Ne6 Nxg3 26. Bxg5 Nxe2+ 27. Kg2 Nxc1
28. Nxg7 Nxa2 29. Bxd8 Rxd8 30. Ne6 Rc8 31. Rd2 Nc3 32. Rdf2 h6 33. Rf8+ Rxf8
34. Rxf8+ Kh7 35. Nxc7 g5 36. Rb8 a4 37. bxa4 Nxa4 38. Nd5 Nc4 39. Rc8 Nc5 40.
Rc6 g4 41. Kg3 h5 42. Kh4 Kh6 43. Nf4 Kg7 44. Kxh5 Kf6 45. Nd5+ Kf5 46. Nxb6
Nxb6 47. Rxb6 Ne4 48. Rc6 Nf6+ 49. Kh4 d5 50. Rxf6+ {Black resigns} 1-0

[Event "Team 45 45 League T66"]
[Site "Internet Chess Club"]
[Date "2015.10.13"]
[Round "6"]
[White "JJ12"]
[Black "PolishRyszard"]
[Result "1-0"]
[WhiteElo "2068"]
[BlackElo "1944"]
[Opening "Sicilian: Alapin's variation (2.c3)"]
[ECO "B22"]
[Time "15:00:37"]
[TimeControl "2700+45"]

1. e4 c5 2. c3 g6 3. d4 cxd4 4. cxd4 d5 5. e5 Nc6 6. Bb5 Nh6 7. Nf3 Bg4 8. Bxc6+
bxc6 9. Nbd2 Bg7 10. O-O O-O 11. h3 Bf5 12. Nb3 f6 13. exf6 exf6 14. Bf4 Nf7 15.
Nc5 Re8 16. Qa4 Qb6 17. b3 Rad8 18. Rfe1 Be4 19. Nd2 g5 20. Bg3 Bf5 21. Rac1 Nd6
22. Bxd6 Rxe1+ 23. Rxe1 Rxd6 24. Re7 a5 25. Re8+ Kf7 26. Ra8 Qb4 27. Qxa5 Qxa5
28. Rxa5 g4 29. Ra7+ Kg6 30. hxg4 Bxg4 31. b4 f5 32. Ndb3 Be2 33. a4 f4 34. f3
Bf6 35. a5 Bh4 36. a6 Bc4 37. Rb7 Rd8 38. a7 Ra8 39. Nd2 Bf6 40. Ncb3 Bb5 41.
Kf2 Bh4+ 42. Kg1 Bf6 43. Kh2 h6 44. g3 fxg3+ 45. Kxg3 Kf5 46. Nc5 Bxd4 47. Rf7+
Kg6 48. Rd7 Bc3 49. Ndb3 Bxb4 50. Ne6 Kf5 51. Nbc5 Rg8+ 52. Rg7 Ra8 53. Rf7+ Kg6
54. Rb7 d4 55. Ne4 d3 56. Nc7 Bd6+ 57. f4 Bxc7 58. Rxc7 Rd8 59. Kf3 h5 60. Ke3
h4 61. f5+ Kh6 62. Rd7 Ra8 63. Kf4 c5 64. Rc7 c4 65. Nf6 Rh8 66. a8=Q Be8 67.
Qh1 Bh5 68. Qxh4 d2 69. Ng4# {Black checkmated} 1-0

[Event "Team 45 45 League T66"]
[Site "Internet Chess Club"]
[Date "2015.10.11"]
[Round "6"]
[White "lingicer2003"]
[Black "alexping"]
[Result "1-0"]
[WhiteElo "1939"]
[BlackElo "1934"]
[Opening "QGD: 6.Nf3"]
[ECO "D55"]
[Time "13:59:03"]
[TimeControl "2700+45"]

1. d4 e6 2. c4 d5 3. Nc3 Nf6 4. Bg5 Be7 5. Nf3 O-O 6. e3 c6 7. Bd3 Nbd7 8. O-O
Ne8 9. Bxe7 Qxe7 10. Qc2 h6 11. e4 dxc4 12. Bxc4 e5 13. Rad1 exd4 14. Nxd4 Ne5
15. Bb3 Nc7 16. f4 c5 17. Nf5 Bxf5 18. exf5 Ng4 19. Rfe1 Qf6 20. h3 c4 21. hxg4
Qb6+ 22. Kh1 cxb3 23. axb3 Rfe8 24. g5 hxg5 25. fxg5 Qc5 26. Qd3 Rxe1+ 27. Rxe1
Qf2 28. Re4 Re8 29. g6 Rxe4 30. Qxe4 fxg6 31. fxg6 Kf8 32. Kh2 Qf6 33. g3 a6 34.
Qxb7 Qf2+ 35. Kh3 Qc5 36. Qf3+ Ke8 37. Qf7+ Kd8 38. Qxg7 Ne8 39. Qf7 Qe3 40. Nd5
Qe5 41. Nf4 Ng7 42. Qd5+ Qxd5 43. Nxd5 Kd7 44. Kg4 Kd6 45. Nf6 {Black resigns}
1-0

[Event "Team 45 45 League T66"]
[Site "Internet Chess Club"]
[Date "2015.10.09"]
[Round "6"]
[White "ShootStraight"]
[Black "diegoami"]
[Result "1-0"]
[WhiteElo "1965"]
[BlackElo "1781"]
[Opening "Dutch defense"]
[ECO "A90"]
[Time "19:01:01"]
[TimeControl "2700+45"]

1. d4 e6 2. c4 f5 3. g3 Nf6 4. Bg2 c6 5. Nf3 d5 6. O-O Bd6 7. b3 O-O 8. a4 a5 9.
Ba3 Na6 10. Bxd6 Qxd6 11. Na3 Nb4 12. Nc2 Nxc2 13. Qxc2 Bd7 14. Rfd1 Ne4 15. Ne5
Qe7 16. f3 Ng5 17. e4 fxe4 18. fxe4 Rac8 19. Qd3 Rf6 20. exd5 exd5 21. cxd5 Bf5
22. Qc4 Kh8 23. dxc6 Nh3+ 24. Bxh3 Bxh3 25. Re1 Qd8 26. Nf7+ Rxf7 27. Qxf7 Qxd4+
28. Qf2 Qxf2+ 29. Kxf2 bxc6 30. Re5 {Black resigns} 1-0

[Event "Team 45 45 League T66"]
[Site "Internet Chess Club"]
[Date "2015.10.12"]
[Round "6"]
[White "tightfist"]
[Black "misuc56"]
[Result "0-1"]
[WhiteElo "1609"]
[BlackElo "1775"]
[Opening "Santasiere's folly"]
[ECO "A06"]
[Time "18:01:05"]
[TimeControl "2700+45"]

1. Nf3 d5 2. b4 e6 3. Bb2 f5 4. e3 Nf6 5. a3 Bd6 6. c4 c6 7. d4 O-O 8. c5 Bc7 9.
Bd3 Qe7 10. O-O a6 11. Nbd2 Nbd7 12. Qc2 g6 13. a4 e5 14. dxe5 Nxe5 15. Nxe5
Bxe5 16. Bxe5 Qxe5 17. Nf3 Qe7 18. Nd4 Bd7 19. Qb3 Ne4 20. Bxe4 fxe4 21. Rfc1
Qf6 22. Rc2 Qg5 23. Ne2 h5 24. Ng3 Rf7 25. Rd1 h4 26. Nxe4 Qg4 27. Rd4 dxe4 28.
Rcd2 Be6 29. Qc2 Bd5 30. b5 axb5 31. axb5 Qf5 32. b6 h3 33. f3 Ra1+ 34. Rd1
Rxd1+ 35. Qxd1 hxg2 36. f4 Qh3 37. Rd2 Qxe3+ 38. Kxg2 Qxf4 39. Kg1 e3 40. Rxd5
cxd5 41. Qe1 d4 42. c6 bxc6 43. Qe2 Qf2+ 44. Qxf2 exf2+ 45. Kf1 Rb7 46. Kxf2
Rxb6 {White resigns} 0-1

[Event "Team 45 45 League T66"]
[Site "Internet Chess Club"]
[Date "2015.10.11"]
[Round "6"]
[White "ausya"]
[Black "chessabc"]
[Result "1-0"]
[WhiteElo "1725"]
[BlackElo "1820"]
[Opening "Alekhine's defense: modern variation"]
[ECO "B04"]
[Time "17:54:50"]
[TimeControl "2700+45"]

1. e4 Nf6 2. e5 Nd5 3. d4 d6 4. Nf3 Bf5 5. Bd3 Bxd3 6. Qxd3 Qd7 7. Nc3 Nb4 8.
Qe2 dxe5 9. dxe5 e6 10. O-O Be7 11. Rd1 Nd5 12. Nxd5 exd5 13. c4 c6 14. cxd5
cxd5 15. Qd3 Nc6 16. Qxd5 Qc7 17. Bf4 Rd8 18. Qc4 Qb6 19. Qc3 O-O 20. Be3 Qa6
21. Bd4 Bb4 22. Qe3 Nxd4 23. Nxd4 Bc5 24. Qc3 Qb6 25. Nf3 Bxf2+ 26. Kh1 Rc8 27.
Qd2 Rfd8 28. Qe2 Bc5 29. Rac1 Be7 30. h3 Qe6 31. b3 f6 32. Qb5 b6 33. exf6 Rxd1+
34. Rxd1 Bxf6 35. Re1 Qc6 36. Qf5 Re8 37. Rxe8+ Qxe8 38. Qd5+ Qf7 39. Qa8+ Qf8
40. Qxa7 Qd8 41. Qa4 Qd1+ 42. Kh2 Qd6+ 43. g3 Kf7 44. Qc4+ Kg6 45. Qc2+ Kf7 46.
Qxh7 Qc5 47. Kg2 Qc1 48. Qd3 Qb2+ 49. Qd2 Qa3 50. Qf2 Qb4 51. Kh2 b5 52. Qa7+
Kg6 53. Qd7 Qe4 54. Qg4+ Qxg4 55. hxg4 Bc3 56. Kg2 Kf6 57. Kf2 Ke6 58. Ke3 Kd5
59. Kd3 Bb2 60. Ng1 Be5 61. Ne2 b4 62. Nf4+ Kc5 63. Ne6+ Kd5 64. Nf4+ Kc5 65.
Ke4 Bc3 66. g5 Kd6 67. g4 Bd2 68. g6 Bc3 69. Nd5 Bd2 70. Kd4 Kc6 71. Kc4 Kd6 72.
Nxb4 Ke5 73. a4 Kf6 74. a5 Kxg6 75. a6 Be3 76. Nc6 Bb6 77. Kb5 Be3 78. Ne5+ Kg5
79. Nc4 Ba7 80. Kc6 Kxg4 81. Kb7 Bf2 82. Nb6 Bxb6 83. Kxb6 g5 84. a7 Kh3 85.
a8=Q g4 86. Qh1+ {Black resigns} 1-0

[Event "Team 45 45 League T66"]
[Site "Internet Chess Club"]
[Date "2015.10.09"]
[Round "6"]
[White "Portola"]
[Black "bluesun"]
[Result "1/2-1/2"]
[WhiteElo "1792"]
[BlackElo "1517"]
[Opening "Queen's pawn game"]
[ECO "D00"]
[Time "19:00:12"]
[TimeControl "2700+45"]

1. d4 d5 2. c3 Nf6 3. Bf4 Bf5 4. e3 c6 5. Nd2 Nbd7 6. Ngf3 e6 7. Be2 Be7 8. O-O
O-O 9. Ne5 Nxe5 10. Bxe5 a6 11. a4 b5 12. axb5 cxb5 13. Qb3 Qb6 14. Rfc1 Rfc8
15. Bf1 Ng4 16. Bg3 f6 17. h3 Nh6 18. Be2 Nf7 19. Nf3 Be4 20. Bh2 Bd6 21. Bxd6
Qxd6 22. Qa2 e5 23. Nd2 Bg6 24. Nb3 f5 25. Nc5 f4 26. exf4 exf4 27. Bf3 Be4 28.
Nxe4 dxe4 29. Bxe4 Ra7 30. Re1 Kf8 31. Bf5 Rd8 32. Bxh7 Qh6 33. Bf5 Qg5 34. Bg4
Rd6 35. Qa3 Re7 36. Rxe7 Qxe7 37. Qc5 Nh6 38. Bf3 Nf7 39. Qc8+ Nd8 40. Qf5+ Rf6
41. Qe4 Qf7 42. Qd5 Qe7 43. Kf1 Re6 44. Qc5 Rd6 45. Re1 Qf6 46. Re5 Nf7 47. Rf5
Qe6 48. Rxf4 Kg8 49. Re4 Qh6 50. Re8+ Kh7 51. Qf5+ Qg6 52. Qxg6+ Kxg6 53. Ra8 b4
54. cxb4 Rb6 55. Be2 Rxb4 56. Rxa6+ Kg5 57. Ra5+ Kf6 58. Ra6+ Kg5 59. Bd3 Rxd4
60. Rg6+ Kf4 61. Rg4+ Ke5 62. Rxd4 Kxd4 63. Ke2 Ne5 64. Ba6 Nd7 65. b4 Ne5 66.
b5 g5 67. b6 Kc5 68. b7 Nc6 69. Ke3 Kb6 70. b8=Q+ Nxb8 71. Bc8 Kc7 72. Bf5 Kd6
73. f4 gxf4+ 74. Kxf4 Ke7 75. g4 Nc6 76. g5 Nd8 77. g6 Kf6 78. h4 Ne6+ 79. Bxe6
Kxg6 80. Kg4 Kh7 81. Kg5 Kh8 82. Kf6 Kh7 83. Bd7 Kh8 84. h5 Kg8 85. Kg6 Kh8 86.
h6 Kg8 87. Bf5 Kh8 88. Kf6 Kg8 {Game drawn by mutual agreement} 1/2-1/2

[Event "Team 45 45 League T66"]
[Site "Internet Chess Club"]
[Date "2015.10.07"]
[Round "6"]
[White "Elton2013"]
[Black "rubo"]
[Result "1-0"]
[WhiteElo "1778"]
[BlackElo "1567"]
[Opening "Benkö gambit half accepted"]
[ECO "A57"]
[Time "19:32:50"]
[TimeControl "2700+45"]

1. d4 Nf6 2. c4 c5 3. d5 b5 4. cxb5 a6 5. b6 Qxb6 6. Nc3 d6 7. e4 Nbd7 8. Nf3 g6
9. Bd3 Bg7 10. O-O O-O 11. Re1 Ng4 12. h3 Nge5 13. Be2 a5 14. Nd2 Ba6 15. Qc2
Bxe2 16. Nxe2 Qa6 17. Nf4 c4 18. Rb1 a4 19. b3 axb3 20. axb3 cxb3 21. Nxb3 Rfc8
22. Qe2 Qxe2 23. Nxe2 Ra2 24. Be3 Nd3 25. Nec1 Nxe1 26. Nxa2 Nc2 27. Bd2 Na3 28.
Rc1 Rc2 29. Rxc2 Nxc2 30. Nb4 Nd4 31. Nxd4 Bxd4 32. Nc6 Bf6 33. Bh6 Nc5 34. f3
e6 35. Bf4 Nb7 36. Na7 Be7 37. Kf2 Kf8 38. Nc8 Ke8 39. Nxe7 Kxe7 40. Ke3 Na5 41.
Kd3 exd5 42. exd5 f5 43. Kc3 Nb7 44. Kb4 Nc5 45. Kb5 Kd7 46. Kc4 Ke7 47. Be3 Nb7
48. Kb5 Kd7 49. Kb6 Nd8 50. f4 h5 51. Bd4 Nf7 52. g3 g5 53. Bf6 gxf4 54. gxf4
Nh6 55. Bg5 Nf7 56. Bh4 Nh6 57. Bf6 Ng8 58. Bg5 Ne7 59. Bxe7 Kxe7 60. Kc7 h4 61.
Kc6 {Black resigns} 1-0

[Event "Team 45 45 League T66"]
[Site "Internet Chess Club"]
[Date "2015.10.11"]
[Round "6"]
[White "Visin"]
[Black "viktory"]
[Result "0-1"]
[WhiteElo "1254"]
[BlackElo "1704"]
[Opening "English: Sicilian reversed"]
[ECO "A25"]
[Time "15:00:24"]
[TimeControl "2700+45"]

1. c4 e5 2. Nc3 Nc6 3. g3 Bb4 4. e3 d6 5. Nge2 Nge7 6. Bg2 Be6 7. d3 a6 8. Bd2
Bc5 9. a3 Ba7 10. O-O Ng6 11. b4 Rb8 12. b5 axb5 13. Nxb5 Bb6 14. a4 Ba5 15. f4
Bxd2 16. Qxd2 exf4 17. Nxf4 Bd7 18. Qf2 O-O 19. d4 Na5 20. Qa2 Bc6 21. Nxg6 hxg6
22. Rf2 Qe7 23. Re1 Bxg2 24. Rxg2 c6 25. Nc3 b6 26. Rf2 c5 27. d5 Qe5 28. Nb5
Rbd8 29. Qc2 Rfe8 30. Rfe2 Qe4 31. Qxe4 Rxe4 32. Na3 Nxc4 33. Nxc4 Rxc4 34. Rb2
Rxa4 35. Rxb6 Ra3 36. e4 Ra2 37. e5 Rd2 38. Rxd6 Rxd5 39. Rxd8+ Rxd8 40. Rc1 Rd5
41. Kf2 Rxe5 42. Kf3 {White resigns} 0-1

[Event "Team 45 45 League T66"]
[Site "Internet Chess Club"]
[Date "2015.10.10"]
[Round "6"]
[White "LordKinbote"]
[Black "SugarIslander"]
[Result "0-1"]
[WhiteElo "1702"]
[BlackElo "1649"]
[Opening "Petrov: Nimzovich attack"]
[ECO "C42"]
[Time "12:04:41"]
[TimeControl "2700+45"]

1. e4 e5 2. Nf3 Nf6 3. Nxe5 d6 4. Nf3 Nxe4 5. Nc3 Nxc3 6. dxc3 Be7 7. Bd3 O-O 8.
Nd4 Re8 9. O-O Bd7 10. Qh5 g6 11. Qf3 Nc6 12. Bc4 Ne5 13. Qe2 Nxc4 14. Qxc4 Bf6
15. Be3 c6 16. Rad1 Re4 17. Qd3 Qe7 18. Ne2 d5 19. Ng3 Re6 20. Bd4 Bxd4 21. cxd4
Re8 22. c3 Qf6 23. f4 Re3 24. Qd2 Bf5 25. Rde1 Rxe1 26. Rxe1 Be4 27. c4 Re7 28.
c5 h5 29. Ne2 Bf5 30. g3 Bg4 31. Kf2 Bxe2 32. Rxe2 Rxe2+ 33. Kxe2 Qe6+ 34. Qe3
Qe4 35. Qxe4 dxe4 36. b4 f5 37. a4 Kf7 38. b5 Ke6 39. Ke3 Kd5 40. b6 axb6 41.
cxb6 Kc4 42. a5 Kb5 43. h3 Kxa5 44. g4 hxg4 45. hxg4 Kxb6 {White resigns} 0-1

[Event "Team 45 45 League T66"]
[Site "Internet Chess Club"]
[Date "2015.10.11"]
[Round "6"]
[White "drsigmund1"]
[Black "Whalen"]
[Result "0-1"]
[WhiteElo "1497"]
[BlackElo "1728"]
[Opening "King's Indian: London system"]
[ECO "A48"]
[Time "14:00:31"]
[TimeControl "2700+45"]

1. d4 Nf6 2. Nf3 g6 3. Bf4 Bg7 4. e3 O-O 5. Be2 d6 6. Nc3 Nfd7 7. e4 Nc6 8. Qd2
e5 9. Bh6 exd4 10. Bxg7 dxc3 11. Qxc3 Re8 12. Bh6 Qf6 13. Qxf6 Nxf6 14. e5 Nxe5
15. O-O-O Neg4 {White resigns} 0-1